 Dungeon Crawl Stone Soup version 0.17-a0-1409-ge6d9485 (webtiles) character file.

752 bal the Sneak (level 7, 0/36 HPs)
             Began as a Vine Stalker Assassin on June 21, 2015.
             Was a Follower of Nemelex Xobeh.
             Slain by Menkaure (11 damage)
             ... on level 4 of the Dungeon on June 22, 2015.
             The game lasted 00:17:01 (3371 turns).

bal the Sneak (Vine Stalker Assassin)               Turns: 3371, Time: 00:17:01

Health: 0/36       AC:  7    Str: 14    XL:     7   Next: 78%
Magic:  0/8        EV: 13    Int: 12    God:    Nemelex Xobeh [*.....]
Gold:   244        SH:  0    Dex: 16    Spells: 0 memorised, 6 levels left

rFire  . . .     SeeInvis .     a - +1 dagger (flame)
rCold  . . .     Clarity  .     B - +0 leather armour
rNeg   . . .     SustAt   .     (no shield)
rPois  .         Gourm    .     (no helmet)
rElec  .         Spirit   +     d - +0 cloak
rCorr  .         Warding  .     v - +1 pair of gloves
rMut   .         Stasis   .     k - +0 pair of boots
MR     .....                    (no amulet)
Stlth  +++.......               (no ring)
                                (no ring)

@: not resistant to hostile enchantments, fairly stealthy
A: fangs 2, regeneration 2, magic shield, antimagic bite, no device heal 3, rot
immunity
a: Renounce Religion


You were on level 4 of the Dungeon.
You worshipped Nemelex Xobeh.
Nemelex Xobeh was aware of your devotion.
You were not hungry.

You visited 1 branch of the dungeon, and saw 4 of its levels.

You collected 244 gold pieces.

Inventory:

Hand weapons
 a - a +1 dagger of flaming (weapon)
 b - a +0 blowgun
 c - a +2 falchion of protection
 l - a +1 dagger of freezing
 n - a +3 dagger
 x - a +1 dagger of venom
 D - a cursed -1 mace
Missiles
 e - 19 poisoned needles
 f - 2 curare-tipped needles
 p - 62 sling bullets
 s - 19 bolts of flame
Armour
 d - a +0 cloak (worn)
 k - a +0 pair of boots (worn)
 v - a +1 pair of gloves (worn)
 B - a +0 leather armour (worn)
Magical devices
 y - a wand of enslavement (9)
 A - a wand of flame (28)
Scrolls
 h - 3 scrolls of remove curse
 i - 3 scrolls of immolation
 j - a scroll of amnesia
 m - 3 scrolls of identify
 o - a scroll of blinking
 u - 3 scrolls of enchant weapon
 C - a scroll of random uselessness {unknown}
 E - a scroll of enchant armour
Potions
 q - 2 potions of curing
 r - a potion of agility
 w - a potion of beneficial mutation {unknown}
 I - a potion of poison
Comestibles
 g - 4 bread rations
 z - 3 chunks of flesh


   Skills:
 + Level 3.1 Fighting
 + Level 2.6 Short Blades
 + Level 3.3 Throwing
 + Level 2.0 Armour
 + Level 3.4 Dodging
 + Level 7.4 Stealth
 + Level 0.6 Evocations


You had 6 spell levels left.
You didn't know any spells.

Dungeon Overview and Level Annotations

Branches:
Dungeon (4/15)
 Temple: D:4-7

Altars:
Elyvilon
Nemelex Xobeh

Annotations:
D:4 Menkaure


Innate Abilities, Weirdness & Mutations

You have extremely sharp teeth.
You heal very quickly.
When hurt, damage is shared between your health and your magic reserves.
Your bite disrupts and absorbs the magic of your enemies.
Potions and wands cannot restore your health.
You are immune to rotting.


Message History

An orc wizard comes into view. It is wielding a dagger.
Evoke which item? (* to show all) (? for menu, Esc to quit)
Zapping:
A - a wand of flame {zapped: 7} (will waste charges)
Press: ? - help, Shift-Dir - straight line, f/p - Menkaure
Aim: Menkaure (severely damaged, fast)
The puff of flame hits Menkaure.
Menkaure is almost destroyed.
Evoking this partially-identified wand wasted a few charges.
Menkaure calls on the powers of darkness!
Your body is wracked with pain!
* * * LOW HITPOINT WARNING * * *
The orc wizard convulses!
Really attack while wielding your +0 blowgun?
Okay, then.
It bursts into flame!
a - a +1 dagger of flaming (weapon)
Menkaure murmurs, "Let me perform the rites..."
Menkaure hits you!
You die...
Your body disappears without a glow.

#........(#
#.........# .
#.........# ..
#.........# ...
#.........# ....
#..(..<...#
.....##.(..K....#
.(.(o.o....M@...#
....##.#########
# #.# #.#
######.# #......#
#.######
######.....#
.........#.#


You could see Menkaure, an orc wizard and a kobold.

Vanquished Creatures
  Eustachio (D:4)
  A hippogriff (D:3)
  The ghost of bal the Sneak, an average VSAs (D:3)
  An ogre (D:4)
  2 orc priests
  3 orc wizards
  A worker ant (D:4)
  4 adders
  A shadow imp (D:4)
  An ooze (D:1)
  3 worms
  2 giant geckos
  9 orcs
  2 ball pythons (D:2)
  2 giant cockroaches (D:1)
  18 goblins
  7 hobgoblins
  3 jackals (D:3)
  10 kobolds
  2 quokkas
  5 bats
  4 giant newts
  6 rats
89 creatures vanquished.

Notes
Turn   | Place    | Note
--------------------------------------------------------------
     0 | D:1      | bal the Vine Stalker Assassin began the quest for the Orb.
     0 | D:1      | Reached XP level 1. HP: 11/11 MP: 2/2
   103 | D:1      | Reached skill level 5 in Stealth
   141 | D:1      | Reached XP level 2. HP: 13/15 MP: 3/3
   563 | D:1      | Reached XP level 3. HP: 18/18 MP: 4/4
   932 | D:2      | Found a white marble altar of Elyvilon.
  1042 | D:2      | Reached skill level 1 in Dodging
  1117 | D:2      | Found a sparkling altar of Nemelex Xobeh.
  1125 | D:2      | Became a worshipper of Nemelex Xobeh the Trickster
  1151 | D:2      | Received a gift from Nemelex Xobeh
  1477 | D:2      | Reached skill level 6 in Stealth
  1601 | D:2      | Reached XP level 4. HP: 23/23 MP: 5/5
  1983 | D:3      | Noticed bal's ghost (average VSAs)
  2096 | D:3      | Killed bal's ghost
  2096 | D:3      | Reached XP level 5. HP: 23/27 MP: 6/6
  2344 | D:3      | Gained mutation: You heal very quickly. [Vine Stalker growth]
  2344 | D:3      | Reached XP level 6. HP: 8/32 MP: 3/7
  2426 | D:3      | Upgraded the game from 0.17-a0-1404-gb8113a6 to 0.17-a0-1409-ge6d9485
  2657 | D:3      | Noticed a hippogriff
  2701 | D:3      | Killed a hippogriff
  2701 | D:3      | Reached skill level 1 in Armour
  2701 | D:3      | Reached skill level 7 in Stealth
  2701 | D:3      | Reached XP level 7. HP: 28/35 MP: 6/8
  3039 | D:4      | Noticed Eustachio
  3062 | D:4      | Killed Eustachio
  3356 | D:4      | Noticed Menkaure
  3371 | D:4      | Slain by Menkaure

Vault maps used:
D:1:      saegor_arrival_simple_f, st_stairs_12, supply_closet_lemuel,
          corexii_leaking_fountain
D:2:      elyvilon_altar_3, old_standard_altar, minmay_bad_closet
D:4:      first_bread, uniq_eustachio, uniq_menkaure

Action                   |  1- 3 |  4- 6 |  7- 9 || total
-------------------------+-------+-------+-------++-------
Melee: Dagger            |    66 |   122 |    45 ||   233
 Fire: Blowgun           |     5 |    34 |    19 ||    58
Throw: Throwing net      |       |     2 |       ||     2
Evoke: Deck              |     1 |     1 |     5 ||     7
       Wand              |       |       |     4 ||     4
  Use: Scroll            |       |    11 |       ||    11
       Potion            |       |    11 |       ||    11
 Stab: Sleeping          |    16 |     4 |     5 ||    25
       Distracted        |       |     1 |       ||     1
  Eat: Meat ration       |     1 |       |       ||     1
       Chunk             |       |     1 |     1 ||     2
       Beef jerky        |       |       |     1 ||     1
